 Dungeon Sprint DCSS version 0.27-a0-67-g4bfc8a49e1 (webtiles) character file.

Game seed: 8205719154482504331

8262 mhtbhm the Sorcerer (level 11, 0/54 HPs)
             Began as a Deep Elf Earth Elementalist on Jan 11, 2021.
             Was the Champion of Vehumet.
             Shot with an arrow by a deep elf master archer (25 damage)
             ... in the Dungeon (Sprint III: "The Ten Rune Challenge").
             The game lasted 00:07:46 (1822 turns).

mhtbhm the Sorcerer (Deep Elf Earth Elementalist)   Turns: 1822, Time: 00:07:47

Health: 0/54       AC:  2    Str:  5    XL:     11   Next: 7%
Magic:  21/41      EV: 15    Int: 24    God:    Vehumet [******]
Gold:   648        SH:  0    Dex: 17    Spells: 36/58 levels left

rFire    . . .     SeeInvis .   a - +1 dagger (venom)
rCold    . . .     Faith    .   (no shield)
rNeg     . . .     Spirit   .   c - +0 robe
rPois    .         Reflect  .   (no helmet)
rElec    .         Harm     .   (no cloak)
rCorr    .         Rampage  .   (no gloves)
Will     +....     Clarity  +   (no boots) Stlth ++++......NoTele +
                                (no amulet)
HPRegen  0.18/turn              (no ring)
MPRegen  0.27/turn              (no ring)

@: no status effects
A: thin skeletal structure 1, clarity
a: Renounce Religion


You were in the Dungeon.
You worshipped Vehumet.
Vehumet was exalted by your worship.
You visited 1 branch You collected 2083 gold pieces.
You spent 1435 gold pieces at shops.

Inventory:

Hand Weapons
 a - a +1 dagger of venom (weapon)
Missiles
 b - 7 stones
Armour
 c - a +0 robe (worn)
Wands
 q - a wand of paralysis (6)
Scrolls
 i - a scroll of blinking
 k - a scroll of holy word {unknown}
 l - 3 scrolls of identify
 m - 4 scrolls of remove curse
 o - a scroll of immolation {unknown}
Potions
 d - 2 potions of curing
 e - a potion of heal wounds
 f - a potion of haste
 g - 2 potions of magic
 h - 2 potions of berserk rage
 j - 3 potions of mutation
 n - a potion of flight {unknown}
 p - a potion of might
Miscellaneous
 r - a condenser vane


   Skills:
 + Level 4.6 Dodging
 + Level 5.9 Stealth
 * Level 24.2 Spellcasting
 + Level 3.5 Conjurations
 + Level 1.6 Transmutations
 - Level 0.7 Fire Magic
 + Level 18.6 Earth Magic
 + Level 1.3 Poison Magic
 - Level 0.5 Evocations


You had 36 spell levels left.
You knew the following spells:

 Your Spells              Type           Power        Failure   Level
a - Sandblast             Erth           100%         0%          1
b - Passwall              Tmut/Erth      55%          1%          2
c - Stone Arrow           Conj/Erth      100%         1%          3
d - Lee's Rapid Deconstr  Erth           43%          0%          5
e - Petrify               Tmut/Erth      67%          1%          4
f - Inner Flame           Hex/Fire       30%          1%          3
g - Olgreb's Toxic Radia  Pois           35%          1%          4

Your spell library contained the following spells:

 Spells                   Type           Power        Failure   Level
 Sticky Flame             Conj/Fire      39%          1%          4
 Confusing Touch          Hex            29%          3%          3
 Gell's Gravitas          Tloc           14%          3%          3
 Yara's Violent Unravell  Hex/Tmut       16%          7%          5
 Metabolic Englaciation   Hex/Ice        14%          34%         5


Dungeon Overview and Level Annotations

Branches:
Dungeon (1/1)

Altars:
Cheibriados
Dithmenos
Elyvilon
Fedhas
Gozag
Hepliaklqana
Kikubaaqudgha
Makhleb
Nemelex Xobeh
Okawaru
Qazlal
Ru
Sif Muna
Trog
Uskayaw
Vehumet
Wu Jian
Xom
Yredelemnul
Zin
The Shining One
Beogh
Jiyva
Lugonu

Shops:
D :


Innate Abilities, Weirdness & Mutations

You have a somewhat thin skeletal structure. (Dex +2, Stealth)
You possess an exceptional clarity of mind.


Message History

The wall shatters!
The blast of rock fragments hits the deep elf master archer!!
The deep elf master archer is heavily wounded.
The deep elf master archer shouts!
The deep elf master archer shoots an arrow.
The arrow hits you!!
Ouch! That really hurt!
Unknown command.
Unknown command.
Casting: Lee's Rapid Deconstruction (safe; 0% risk of failure)
Confirm with . or Enter, or press ? or * to list all spells.
Aiming: Lee's Rapid Deconstruction (safe; 0% risk of failure)
Press: ? - help, Dir - move target A stone wall.
The wall shatters!
The blast of rock fragments hits the deep elf master archer!!
The deep elf master archer is severely wounded.
The deep elf master archer shoots an arrow.
The arrow hits you!!
You die...

▓▓▓▓▓▓▓▓▓▓▓
#....#.#..######## ###
#.#..##)#..'.#...# e..'
#...)).†).##.#...##§§§§#
#...).(...##.#)..≈≈§§§☼e
#).)[...)###.#).@##≈≈≈
#.∩)#..#.###.))..#
#.).####..########
#'#####################
#....#.#.#.....#......+
##.#))#.##.###)#^.....#
)##)#.#.##.#..##.^....#
#...#..#..##.)'.^^..^^#
▓▓▓▓▓▓▓▓▓▓▓▓▓▓#.....^.#


You could see a deep elf master archer and a deep elf death mage (empowered).

Vanquished Creatures
  A deep elf demonologist (D)
  A deep elf high priest (D)
  Erolcha (D)
  An orc knight (D)
  6 deep elf magi (D)
  An orc sorcerer (D)
  3 wandering mushrooms (D)
  2 redbacks (D)
  A shadow (D)
  A spatial vortex (D)
  An orc warrior (D)
  A necrophage (D)
  5 two-headed ogres (D)
  A water elemental (D)
  3 orc priests (D)
  A jelly (D)
  Jessica (D)
  A wizard (D)
  A necromancer (D)
  3 humans (D)
  A kobold demonologist (D)
  A phantom (D)
  12 orcs (D)
  3 rats (D)
53 creatures vanquished.

Vanquished Creatures (others)
  A plant (D)
1 creature vanquished.

Grand Total: 54 creatures vanquished

Notes
Turn   | Place    | Note
-------+----------+-------------------------------------------
     0 | D        | mhtbhm the Deep Elf Earth Elementalist began the quest for
                  | the Orb.
     0 | D        | Reached XP level 1. HP: 10/10 MP: 6/6
    28 | D        | Noticed Jessica
    32 | D        | Killed Jessica
    33 | D        | Reached skill level 5 in Spellcasting
    33 | D        | Reached skill level 5 in Earth Magic
    33 | D        | Reached XP level 2. HP: 15/15 MP: 3/10
   116 | D        | Reached XP level 3. HP: 4/19 MP: 6/11
   155 | D        | Learned a level 2 spell: Passwall
   159 | D        | Learned a level 3 spell: Stone Arrow
   161 | D        | Gained mutation: You possess an exceptional clarity of
                  | mind. [potion of mutation]
   161 | D        | Gained mutation: You have a somewhat thin skeletal
                  | structure. (Dex +2, Stealth) [potion of mutation]
   380 | D        | Reached skill level 6 in Spellcasting
   516 | D        | Noticed a water elemental
   519 | D        | Killed a water elemental
   520 | D        | Reached skill level 7 in Spellcasting
   520 | D        | Reached XP level 4. HP: 24/24 MP: 10/15
   560 | D        | Found a radiant altar of Vehumet.
   560 | D        | Found a shimmering blue altar of Sif Muna.
   560 | D        | Found an ancient bone altar of Kikubaaqudgha.
   560 | D        | Noticed a wizard
   561 | D        | Killed a wizard
   562 | D        | Reached skill level 8 in Spellcasting
   563 | D        | Reached XP level 5. HP: 28/28 MP: 13/17
   571 | D        | Became a worshipper of Vehumet
   693 | D        | Learned a level 5 spell: Lee's Rapid Deconstruction
   698 | D        | Learned a level 4 spell: Petrify
   698 | D        | Found a glowing silver altar of Zin.
   698 | D        | Found a glowing golden altar of the Shining One.
   698 | D        | Found a white marble altar of Elyvilon.
   698 | D        | Noticed a deep elf mage
   701 | D        | Killed a deep elf mage
   702 | D        | Reached skill level 5 in Stealth
   702 | D        | Reached skill level 12 in Spellcasting
   702 | D        | Reached XP level 6. HP: 32/32 MP: 2/23
   702 | D        | Reached XP level 7. HP: 36/36 MP: 2/25
   824 | D        | Found a hide-covered altar of Uskayaw.
   824 | D        | Found a roughly hewn altar of Beogh.
   824 | D        | Found an iron altar of Okawaru.
   824 | D        | Found a bloodstained altar of Trog.
   824 | D        | Found an ornate altar of the Wu Jian Council.
   824 | D        | Noticed a human
   824 | D        | Noticed a human
   826 | D        | Killed a human
   827 | D        | Reached skill level 13 in Spellcasting
   827 | D        | Killed a human
   827 | D        | Reached * piety under Vehumet
   827 | D        | Offered knowledge of Freeze by Vehumet.
   906 | D        | Found a basalt altar of Yredelemnul.
   906 | D        | Found a shadowy altar of Dithmenos.
   906 | D        | Found a sacrificial altar of Ru.
   908 | D        | Reached skill level 14 in Spellcasting
   954 | D        | Reached ** piety under Vehumet
   954 | D        | Noticed a shadow
   959 | D        | Killed a shadow
   960 | D        | Reached XP level 8. HP: 36/41 MP: 5/28
  1076 | D        | Found a blossoming altar of Fedhas.
  1076 | D        | Found a stormy altar of Qazlal.
  1076 | D        | Found a snail-covered altar of Cheibriados.
  1076 | D        | Found a burning altar of Makhleb.
  1076 | D        | Found a shimmering altar of Xom.
  1077 | D        | Found a hazy altar of Hepliaklqana.
  1077 | D        | Found an opulent altar of Gozag.
  1077 | D        | Found a sparkling altar of Nemelex Xobeh.
  1077 | D        | Found a corrupted altar of Lugonu.
  1077 | D        | Found a viscous altar of Jiyva.
  1080 | D        | Offered knowledge of Foxfire by Vehumet.
  1081 | D        | Reached skill level 15 in Spellcasting
  1142 | D        | Reached *** piety under Vehumet
  1251 | D        | Noticed a two-headed ogre
  1271 | D        | Killed a two-headed ogre
  1271 | D        | Offered knowledge of Inner Flame by Vehumet.
  1272 | D        | Reached skill level 16 in Spellcasting
  1330 | D        | Learned a level 3 spell: Inner Flame
  1343 | D        | Noticed Erolcha
  1345 | D        | Noticed a two-headed ogre
  1346 | D        | Killed Erolcha
  1346 | D        | Offered knowledge of Olgreb's Toxic Radiance by Vehumet.
  1347 | D        | Reached skill level 17 in Spellcasting
  1347 | D        | Reached skill level 15 in Earth Magic
  1347 | D        | Reached XP level 9. HP: 45/45 MP: 23/32
  1347 | D        | Killed a two-headed ogre
  1347 | D        | Reached **** piety under Vehumet
  1352 | D        | Reached skill level 18 in Spellcasting
  1439 | D        | Noticed a wandering mushroom
  1445 | D        | Noticed a wandering mushroom
  1450 | D        | Killed a wandering mushroom
  1451 | D        | Noticed a wandering mushroom
  1457 | D        | Killed a wandering mushroom
  1457 | D        | Reached ***** piety under Vehumet
  1462 | D        | Killed a wandering mushroom
  1586 | D        | Learned a level 4 spell: Olgreb's Toxic Radiance
  1597 | D        | Found Aguwn's Book Boutique.
  1598 | D        | Noticed an orc sorcerer
  1599 | D        | Offered knowledge of Hailstorm by Vehumet.
  1601 | D        | Reached skill level 1 in Conjurations
  1602 | D        | Killed an orc sorcerer
  1603 | D        | Reached skill level 19 in Spellcasting
  1603 | D        | Reached XP level 10. HP: 50/50 MP: 26/35
  1604 | D        | Noticed an orc knight
  1605 | D        | Reached ****** piety under Vehumet
  1613 | D        | Killed an orc knight
  1706 | D        | Bought a manual of Spellcasting for 1435 gold pieces
  1721 | D        | Noticed a deep elf mage
  1721 | D        | Noticed a deep elf mage
  1721 | D        | Noticed a deep elf mage
  1721 | D        | Noticed a deep elf mage
  1721 | D        | Noticed a deep elf mage
  1729 | D        | Killed a deep elf mage
  1730 | D        | Reached skill level 20 in Spellcasting
  1733 | D        | Killed a deep elf mage
  1734 | D        | Killed a deep elf mage
  1734 | D        | Killed a deep elf mage
  1735 | D        | Reached skill level 21 in Spellcasting
  1735 | D        | Killed a deep elf mage
  1736 | D        | Reached skill level 22 in Spellcasting
  1782 | D        | Noticed a deep elf high priest
  1789 | D        | Noticed a deep elf death mage
  1814 | D        | Noticed a deep elf demonologist
  1818 | D        | Killed a deep elf high priest
  1818 | D        | Offered knowledge of Sticky Flame by Vehumet.
  1818 | D        | Noticed a green death
  1819 | D        | Reached skill level 23 in Spellcasting
  1819 | D        | Noticed a hell beast
  1819 | D        | Noticed an Ice Fiend
  1819 | D        | Killed a deep elf demonologist
  1820 | D        | Reached skill level 24 in Spellcasting
  1820 | D        | Reached skill level 1 in Poison Magic
  1820 | D        | Reached XP level 11. HP: 54/54 MP: 30/41
  1820 | D        | Noticed a deep elf master archer
  1822 | D        | Shot with an arrow by a deep elf master archer

Illustrated notes

Levels and vault maps discovered:
D:        dungeon_sprint_mu [sprint_mu_entry_forest, sprint_mu_temple_rooms,
          sprint_mu_d1_spiders, sprint_mu_d2_genie, sprint_mu_d3_branching,
          sprint_mu_orc_legion, sprint_mu_elf_gauntlet, sprint_mu_hive_nellie,
          sprint_mu_lair_fedhas, sprint_mu_vaults_butterflies,
          sprint_mu_slime_circle, sprint_mu_swamp_cave, sprint_mu_shoals_kraken,
          sprint_mu_blade_basic, sprint_mu_crypt_fortress,
          sprint_mu_tomb_spiral, sprint_mu_vestibule_basic,
          sprint_mu_gehenna_hellfire, sprint_mu_dis_giant,
          sprint_mu_tartarus_statrot, sprint_mu_cocytus_islands, sprint_mu_zot1]

Skill      XL: |  1  2  3  4  5  6  7  8  9 10 |
---------------+-------------------------------+-----
Stealth        | 3 4 5 |  5.9
Dodging        | 3 4 |  4.6
Spellcasting   | 5 7 8 12 14 17 19 24 | 24.2
Earth Magic    | 5 7 8 11 13 15 17 18 | 18.6
Conjurations   | 1 3 |  3.5
Poison Magic   | 1 |  1.3
Transmutations | |  1.6
Fire Magic     | |  0.7
Evocations     | |  0.5

Action                   |  1- 3 |  4- 6 |  7- 9 | 10-12 || total
-------------------------+-------+-------+-------+-------++-------
Melee: Dagger            |       |       |     1 |       ||     1
 Cast: Sandblast         |    18 |     2 |       |     3 ||    23
       Lee's Rapid Decon |       |     3 |    26 |    12 ||    41
       Stone Arrow       |       |       |    11 |     5 ||    16
       Inner Flame       |       |       |     1 |       ||     1
       Olgreb's Toxic Ra |       |       |       |     1 ||     1
       Petrify           |       |       |       |     1 ||     1
Evoke: Condenser vane    |       |       |     1 |     2 ||     3
  Use: Potion            |     1 |       |       |       ||     1
Armor: Robe              |       |       |     1 |       ||     1
Dodge: Dodged            |     1 |       |       |     4 ||     5

Table legend: (Time is in decaauts)
 A = Elapsed time spent in this place.
 B = Non-inter-level travel time spent in this place.
 C = Inter-level travel time spent in this place.
 D = Time resting spent in this place.
 E = Time spent auto-exploring this place.
 F = Levels seen in this place.
 G = Mean time per level.
                   A        B        C        D        E       F      G
               +--------+--------+--------+--------+--------+-----+--------+
         Total |   1825 |   1825 |      0 |   1277 |      9 |   1 | 1825.0 |
       Dungeon |   1825 |   1825 |      0 |   1277 |      9 |   1 | 1825.0 |
               +--------+--------+--------+--------+--------+-----+--------+

Top non-repeatable levels by time:
       D: 1825 daAuts
